 Dungeon Crawl Stone Soup version 0.18-b1-1-gfba2bb3 (webtiles) character file.

36 Minkie the Sneak (level 3, -2/24 HPs)
             Began as a Vampire Enchanter on Apr 26, 2016.
             Slain by a gnoll
             ... wielding a +0 flail
              (3 damage)
             ... on level 1 of the Dungeon on Apr 27, 2016.
             The game lasted 00:05:47 (1723 turns).

Minkie the Sneak (Vampire Enchanter)                Turns: 1723, Time: 00:05:47

Health: -2/24      AC:  3    Str:  7    XL:     3   Next: 19%
Magic:  1/6        EV:  9    Int: 17    God:
Gold:   77         SH:  0    Dex: 15    Spells: 2 memorised, 3 levels left

rFire  . . .     SeeInvis +     a - +1 dagger
rCold  + . .     Gourm    .     b - +1 robe
rNeg   + + .     Faith    .     (no shield)
rPois  +         Spirit   .     (no helmet)
rElec  .         Dismiss  .     (no cloak)
rCorr  .         Reflect  .     (no gloves)
SustAt .         Harm     .     (no boots)
MR     .....                    (no amulet)
Stlth  ++++......               (no ring)
                                h - -3 ring of evasion (curse)

@: regenerating slowly, not resistant to hostile enchantments, stealthy
A: fangs 3, see invisible, unbreathing
a: Bat Form


You were on level 1 of the Dungeon.
You were very thirsty.

You visited 1 branch of the dungeon, and saw 2 of its levels.

You collected 77 gold pieces.

Inventory:

Hand Weapons
 a - a +1 dagger (weapon)
Armour
 b - a +1 robe (worn)
Jewellery
 h - a cursed -3 ring of evasion (left hand)
Scrolls
 e - 3 scrolls of identify {unknown}
 f - a scroll of fear {unknown}
 g - a scroll of random uselessness {unknown}
Potions
 d - 4 potions of blood
 i - a potion of curing {unknown}
 j - a potion of might {unknown}
 k - a potion of agility {unknown}
Books
 c - a book of Maledictions

   Spells                             Type                      Level
   a - Corona                         Hexes                        1
   b - Ensorcelled Hibernation        Hexes/Ice                    2
   c - Confuse                        Hexes                        3
   d - Tukima's Dance                 Hexes                        3
   e - Dazzling Spray                 Conjuration/Hexes            3


   Skills:
 + Level 2.0 Short Blades
 - Level 2.1 Dodging
 + Level 5.5 Stealth
 + Level 2.0 Spellcasting
 + Level 4.9 Hexes


You had 3 spell levels left.
You knew the following spells:

 Your Spells              Type           Power        Failure   Level  Hunger
a - Corona                Hex            ###....      2%          1    #......
b - Ensorcelled Hibernat  Hex/Ice        ##....       14%         2    ###....


Dungeon Overview and Level Annotations

Branches:
Dungeon (2/15)

Altars:


Innate Abilities, Weirdness & Mutations

You heal slowly.
You have razor-sharp teeth.
You have supernaturally acute eyesight.
You can survive without breathing.


Message History

You feel better.
You are feeling very thirsty.
The gnoll is moderately wounded.
The gnoll hits you with a club.
You hit the gnoll.
The gnoll is moderately wounded.
The gnoll hits you with a club.
You hit the gnoll.
The gnoll is heavily wounded.
The gnoll barely misses you. The gnoll completely misses you.
The gnoll hits you with a flail!
* * * LOW HITPOINT WARNING * * *
There is a stone staircase leading up here.
The gnoll hits you with a club!
* * * LOW HITPOINT WARNING * * *
You climb upwards.
There is a stone staircase leading down here.
The gnoll hits you with a flail.
You die...

#........# #......##########..##
#############.###...........(..#
# #..........# #.############.#
## #.########.###.# #.# .###.#
#.....# #.# #.##.# #.#.#.# #.#
##.#.#### #.#.#.# #.# ##.....#
#.#.#.# #.# ##.####.# #.#.@g#
#.# #.## #.#####.###># #.# .##
#.......# #g# #.# ## #########
#.############.# #
#..............#
#################.##############
..................#
###################


You could see 2 gnolls.

Vanquished Creatures
  A worm (D:1)
  3 dart slugs (D:1)
  A bat (D:1)
  2 giant cockroaches (D:1)
  5 goblins (D:1)
  5 hobgoblins (D:1)
  A ball python (D:1)
  3 giant newts (D:1)
  2 kobolds
  3 rats (D:1)
26 creatures vanquished.

Notes
Turn   | Place    | Note
--------------------------------------------------------------
     0 | D:1      | Minkie the Vampire Enchanter began the quest for the Orb.
     0 | D:1      | Reached XP level 1. HP: 13/13 MP: 3/3
   329 | D:1      | Reached XP level 2. HP: 8/19 MP: 3/5
   355 | D:1      | Learned a level 2 spell: Ensorcelled Hibernation
   831 | D:1      | Reached skill level 5 in Stealth
  1237 | D:1      | Reached XP level 3. HP: 18/24 MP: 6/6
  1721 | D:2      | HP: 1/24 [gnoll/club (7)]
  1723 | D:1      | Slain by a gnoll

Skill      XL: |  1  2 |
---------------+-------+-----
Stealth        | 5 |  5.5
Short Blades   | 2 |  2.0
Dodging        | |  2.1
Spellcasting   | |  2.0
Hexes          | |  4.9

Action                   || total
-------------------------++-------
Melee: Dagger            ||    69
       Bite              ||     6
 Cast: Corona            ||     4
       Ensorcelled Hiber ||    21
 Stab: Sleeping          ||    15
Armor: Robe              ||    23
Dodge: Dodged            ||    30
